Map: Invader LE

Players

ppgBubbles - Winner!

  • Race: Zerg Zerg
  • League: Grandmaster

Pokebunny

  • Race: Terran Terran
  • League: Grandmaster

VOD

Have the link to the VOD?

Description

Time

  • Played on: April 5, 2016, 2:22 a.m.
  • Length: 7:27
Show
View Real Time Build Order
Export as new Build Order

ppgBubbles Zerg - Winner!

Build Orders: Hatch First 

Get SALT Encoding   

  12  0:01  Drone  
  13  0:08  Drone  
  14  0:20  Drone, Extractor  
  14  0:21  Extractor  
  14  0:22  Drone  
  16  0:33  Overlord  
  16  0:49  Hatchery  
  15  0:52  Drone  
  15  0:55  Drone  
  17  0:59  Drone  
  18  1:10  Extractor  
  17  1:15  Spawning Pool  
  17  1:17  Drone  
  17  1:20  Drone  
  18  1:27  Drone  
  19  1:37  Drone  
  20  1:51  Drone  
  21  1:59  Overlord  
  21  2:01  Drone  
  21  2:02  Queen x2  
  26  2:10  Metabolic Boost  
  26  2:11  Drone  
  26  2:12  Drone  
  28  2:20  Drone  
  29  2:23  Drone  
  30  2:32  Drone  
  30  2:33  Drone  
  31  2:43  Drone  
  31  2:48  Drone  
  31  2:51  Spore Crawler  
  30  2:53  Drone  
  30  2:55  Drone  
  33  3:04  Overlord  
  33  3:06  Drone  
  33  3:11  Zergling x2  
  33  3:12  Zergling x2  
  36  3:15  Overlord x2  
  36  3:20  Drone x2, Extractor, Roach Warren  
  36  3:23  Drone x2  
  38  3:33  Drone x2  
  40  3:40  Drone  
  41  3:41  Hatchery  
  41  3:43  Extractor  
  41  3:44  Drone x2  
  41  3:47  Drone  
  41  3:48  Drone, Extractor  
  43  3:50  Drone x3  
  43  3:53  Drone x2  
  47  4:03  Lair  
  47  4:09  Zergling x4  
  49  4:15  Zergling x4  
  51  4:18  Zergling x10  
  51  4:19  Zergling x2  
  57  4:30  Zergling x4  
  59  4:38  Overlord  
  59  4:40  Zergling x2  
  60  4:52  Overlord x2  
  60  4:56  Zergling x12  
  64  5:05  Drone x2  
  64  5:06  Spire  
  55  5:10  Zergling x2  
  56  5:15  Queen  
  56  5:16  Zergling x4  
  60  5:23  Zergling x2  
  60  5:24  Zergling x12  
  60  5:27  Zergling x2  
  68  5:32  Overlord  
  68  5:33  Overlord  
  59  6:00  Zergling x26  
  71  6:19  Mutalisk x3  
  71  6:23  Mutalisk x4  
  85  6:33  Queen  
  85  6:36  Mutalisk x3  
  93  6:41  Drone x2  
  95  6:48  Drone  
  95  6:50  Baneling Nest  
  95  6:52  Mutalisk x2  
  99  6:59  Overlord  
  99  7:01  Mutalisk x2  
Show
View Real Time Build Order
Export as new Build Order

Pokebunny Terran 

Build Orders: Reaper Expand, MMM Bio 

Get SALT Encoding   

  12  0:00  SCV  
  13  0:14  SCV  
  13  0:18  Supply Depot  
  14  0:26  SCV  
  15  0:40  SCV  
  15  0:42  Barracks  
  16  0:45  Refinery  
  16  0:52  SCV  
  17  1:04  SCV  
  18  1:16  SCV  
  19  1:29  Reaper, Orbital Command  
  20  1:43  Command Center  
  20  1:53  Supply Depot  
  20  1:54  SCV  
  21  2:02  Barracks Reactor  
  21  2:05  Barracks  
  22  2:08  SCV  
  22  2:17  Barracks  
  22  2:21  SCV  
  23  2:27  Refinery  
  23  2:40  Marine x2  
  23  2:41  SCV  
  26  2:54  Barracks Tech Lab  
  26  2:55  Orbital Command, Factory  
  26  3:03  SCV  
  27  3:10  Marine x2  
  27  3:11  Marine  
  30  3:14  Stimpack  
  30  3:19  Marine  
  31  3:21  SCV  
  31  3:22  SCV  
  33  3:29  Marine x2  
  33  3:30  Marine  
  36  3:40  Starport, Factory Reactor  
  35  3:41  Marine  
  35  3:45  SCV x2  
  35  3:47  Marine  
  39  3:53  Supply Depot  
  39  3:57  SCV x2  
  39  3:58  Marine  
  39  3:59  Marine  
  43  4:04  Marine  
  43  4:07  Supply Depot  
  43  4:08  Marine  
  45  4:13  SCV  
  45  4:15  SCV  
  47  4:21  Marine x2  
  49  4:24  Medivac x2  
  49  4:26  Bunker  
  49  4:28  Factory Tech Lab  
  49  4:31  SCV x2  
  55  4:39  Supply Depot  
  55  4:42  Barracks Reactor  
  55  4:43  Marine x2, SCV x2  
  55  4:44  Marine  
  60  4:55  SCV x2  
  50  5:08  Marine x3  
  50  5:12  SCV  
  54  5:16  Command Center  
  54  5:18  Marine x2  
  56  5:23  Engineering Bay, SCV  
  56  5:24  Engineering Bay, SCV  
  56  5:27  Siege Tank  
  59  5:44  Marine x3  
  59  5:45  Marine x2  
  64  5:52  SCV x2  
  64  5:54  Combat Shields  
  66  5:59  Barracks  
  66  6:00  Barracks  
  66  6:01  Refinery  
  66  6:02  Refinery  
  66  6:14  Marine x4  
  70  6:19  Supply Depot x2  
  70  6:28  Siege Tank, Marine, Medivac  
  70  6:29  Orbital Command  
  76  6:37  SCV x2  
  78  6:42  Marine x3  
  78  6:43  Marine  
  78  6:45  Marine  
  83  6:49  Barracks Reactor x2  
  83  6:51  Armory, SCV x2  
  85  6:56  Supply Depot  
  85  7:03  Marine x3  
  85  7:04  Marine x2  
Tags
 
Add a new tag
Caveats
  • Supply blocks, unpowered buildings, or Contaminate may cause inaccurate times.
  • Supply counts are checked every 10 seconds.